 Dungeon Crawl Stone Soup version 0.29.1-12-g30fa7ad0bf (webtiles) character file.

Game seed: 2468153795330888745

2520 DoIIoM the Firebug (level 9, 0/61 HPs)
             Began as an Octopode Fire Elementalist on Jan 15, 2023.
             Was a Follower of Vehumet.
             Slain by a two-headed ogre
             ... wielding a +0 giant club
              (35 damage)
             ... on level 7 of the Dungeon.
             The game lasted 00:21:49 (6969 turns).

DoIIoM the Firebug (Octopode Fire Elementalist)     Turns: 6969, Time: 00:21:49

Health: 0/61       AC:  1    Str: 12    XL:     9   Next: 54%
Magic:  7/17       EV: 13    Int: 21    God:    Vehumet [*.....]
Gold:   798        SH:  0    Dex: 12    Spells: 7/18 levels left

rFire   . . .      SeeInvis +   A - +2 halberd
rCold   . . .      Faith    .   (shield currently unavailable)
rNeg    . . .      Spirit   .   (helmet restricted)
rPois   .          Reflect  .   b - amulet "Vaffush" {Acrobat Regen+ Str+4}
rElec   .          Harm     .   g - ring of wizardry
rCorr   .          Rampage  .   h - ring of see invisible
Will    .....                   (no ring)
Stlth   +++.......              (no ring)
HPRegen 1.00/turn               (no ring)
MPRegen 0.15/turn               (no ring)
                                (no ring)
                                (no ring)

@: no status effects
A: almost no armour, amphibious, 8 rings, camouflage 1, gelatinous body 1,
(nimble swimmer 1), tentacles
a: Renounce Religion


You were on level 7 of the Dungeon.
You worshipped Vehumet.
Vehumet was aware of your devotion.
You visited 2 branches of the dungeon, and saw 8 of its levels.

You collected 1388 gold pieces.
You spent 590 gold pieces at shops.

Inventory:

Hand Weapons
 c - a +0 dagger
 e - a +1 dagger of venom
 l - a +0 halberd of venom
 A - a +2 halberd (weapon)
Missiles
 f - a throwing net
Jewellery
 b - the amulet "Vaffush" (around mantle) {Acrobat Regen+ Str+4}
   (You bought it in a shop on level 2 of the Dungeon)

   [amulet of the acrobat]

   It increases your evasion while moving and waiting.
   Str:       It affects your strength (+4).
   Regen:     It increases your rate of health regeneration.
 g - a ring of wizardry (left tentacle)
 h - a ring of see invisible (right tentacle)
Wands
 o - a wand of mindburst (16)
 t - a wand of iceblast (13)
 y - a wand of flame (16)
 B - a wand of polymorph (1)
Scrolls
 i - a scroll of teleportation
 n - a scroll of enchant weapon
 p - a scroll of blinking
 r - a scroll of silence
 v - a scroll of vulnerability {unknown}
 x - a scroll of summoning
 z - a scroll of fear {unknown}
Potions
 a - a potion of magic
 d - 4 potions of curing
 j - a potion of berserk rage {unknown}
 k - 4 potions of heal wounds
 m - a potion of lignification {unknown}
 q - a potion of mutation {unknown}
 s - a potion of haste
 u - a potion of brilliance {unknown}
 w - a potion of degeneration {unknown}


   Skills:
 + Level 5.3 Fighting
 - Level 2.0 Dodging
 - Level 3.3 Stealth
 + Level 5.4 Spellcasting
 + Level 5.5 Conjurations
 + Level 4.0 Summonings
 + Level 6.3 Fire Magic
 + Level 3.3 Ice Magic


You had 7 spell levels left.
You knew the following spells:

 Your Spells              Type           Power      Damage    Failure   Level
a - Foxfire               Conj/Fire      100%       2x1d9     1%          1
b - Call Imp              Summ           22%        N/A       1%          2
c - Flame Wave            Conj/Fire      30%        2d9       3%          4
d - Summon Ice Beast      Ice/Summ       21%        N/A       9%          4

Your spell library contained the following spells:

 Spells                   Type           Power      Damage    Failure   Level
 Freeze                   Ice            76%        1d9       1%          1
 Magic Dart               Conj           100%       1d8       1%          1
 Scorch                   Fire           64%        2d8       1%          2
 Conjure Flame            Conj/Fire      30%        6-21      1%          3
 Frozen Ramparts          Ice            38%        1d6       3%          3
 Inner Flame              Hex/Fire       19%        N/A       3%          3
 Mephitic Cloud           Conj/Pois/Air  13%        N/A       6%          3
 Hailstorm                Conj/Ice       24%        3d7       7%          4
 Portal Projectile        Hex/Tloc       10%        N/A       12%         3
 Tukima's Dance           Hex            5%         N/A       12%         3
 Ice Form                 Ice/Tmut       12%        N/A       21%         4
 Blade Hands              Tmut           2%         N/A       71%         5
 Simulacrum               Ice/Necr       6%         N/A       95%         6


Dungeon Overview and Level Annotations

Branches:
Dungeon (7/15)             Temple (1/1) D:6

Altars:
Ashenzari
Cheibriados
Dithmenos
Elyvilon
Hepliaklqana
Makhleb
Nemelex Xobeh
Okawaru
Qazlal
Ru
Sif Muna
Trog
Uskayaw
Vehumet
Wu Jian
Yredelemnul

Shops:
D:2 *


Innate Abilities, Weirdness & Mutations

You cannot wear most types of armour.
You are amphibious.
You can wear up to eight rings at the same time.
Your skin changes colour to match your surroundings (Stealth+).
Your rubbery body absorbs attacks. (AC +1, EV +1)
((You are camouflaged when in or above water. (Stealth+)))
You have tentacles for arms and can constrict up to eight enemies at once.


Message History

Your crimson imp disappears in a puff of smoke!
Unknown command.
The foxfire hits the two-headed ogre.
The two-headed ogre is moderately wounded.
The foxfire hits the two-headed ogre.
The two-headed ogre is moderately wounded.
The foxfire hits the two-headed ogre.
The two-headed ogre is heavily wounded.
The foxfire hits the two-headed ogre.
The two-headed ogre is heavily wounded.
Unknown command.
Unknown command.
Casting: Foxfire (safe; 1% risk of failure)
Confirm with . or Enter, or press ? or * to list all spells.
You conjure some foxfire!
Unknown command.
Casting: Foxfire (safe; 1% risk of failure)
Confirm with . or Enter, or press ? or * to list all spells.
You conjure some foxfire!
The foxfire hits the two-headed ogre.
The two-headed ogre is heavily wounded.
The foxfire hits the two-headed ogre!
The two-headed ogre is severely wounded.
Unknown command.
Casting: Foxfire (safe; 1% risk of failure)
Confirm with . or Enter, or press ? or * to list all spells.
You conjure some foxfire!
The foxfire hits the two-headed ogre.
The two-headed ogre is severely wounded.
The foxfire hits the two-headed ogre.
The two-headed ogre is severely wounded.
Unknown command.
Casting: Foxfire (safe; 1% risk of failure)
Confirm with . or Enter, or press ? or * to list all spells.
You conjure some foxfire!
The foxfire hits the two-headed ogre.
The two-headed ogre is severely wounded.
The foxfire hits the two-headed ogre.
The two-headed ogre is severely wounded.
The two-headed ogre hits you with a +0 giant club!!
The two-headed ogre hits you with a +0 giant spiked club!!
Ouch! That really hurt!
You die...

........#.# #####
............######^..######
................#.##...#...#
.....#.....#...##.##.....#..
.###.#.###.#...##†##._.)...#
.....#.....#...##.##....####
#....Y#.....###.##...## $##
#.###.#...v.# ##.†..##
so?..#.....#JO@#5# ######
#.o.Y.#....v##)# ###
#$###.#....###)## #.#
..#...## #..####.# #..^..##
##...##.# #....##
#...##.######## #...##
####...#..........
...######..........####### .
..##................#


You could see a two-headed ogre (ally target) and a jelly.

Vanquished Creatures
  Menkaure (D:5)
  A water moccasin (D:5)
  A sky beast (D:6)
  A black bear (D:7)
  An orc warrior (D:7)
  An ice beast (D:7)
  2 bullfrogs
  7 scorpions
  2 wights (D:7)
  A howler monkey (D:7)
  A crimson imp (D:6)
  2 jellies
  5 orc priests
  4 hounds
  2 iguanas (D:5)
  8 orc wizards
  2 gnolls (D:3)
  3 adders
  A river rat (D:5)
  2 shadow imps (D:6)
  3 white imps
  An ufetubus (D:6)
  26 orcs
  6 bats
  3 endoplasms
  4 giant cockroaches
  10 goblins
  7 hobgoblins
  3 jackals (D:1)
  3 quokkas
  13 ball pythons
  7 kobolds
  24 rats
158 creatures vanquished.

Vanquished Creatures (collateral kills)
  Sigmund (D:5)
  An ogre (D:4)
  A scorpion (D:7)
  2 orc priests
  2 gnolls
  A white imp (D:6)
  A worm (D:2)
  3 orcs
  A ball python (D:3)
  2 giant cockroaches
  A goblin (D:3)
16 creatures vanquished.

Vanquished Creatures (others)
  214 foxfires
214 creatures vanquished.

Grand Total: 388 creatures vanquished

Notes
Turn   | Place    | Note
-------+----------+-------------------------------------------
     0 | D:1      | DoIIoM the Octopode Fire Elementalist began the quest for
                  | the Orb.
     0 | D:1      | Reached XP level 1. HP: 11/11 MP: 3/3
   447 | D:1      | Reached XP level 2. HP: 18/18 MP: 5/5
   813 | D:1      | Found a faded altar of an unknown god.
  1006 | D:1      | Learned a level 2 spell: Call Imp
  1201 | D:2      | Reached XP level 3. HP: 22/22 MP: 6/6
  1315 | D:2      | Reached skill level 1 in Fighting
  1772 | D:2      | Found Faofforgh's General Store.
  2035 | D:2      | Identified a scroll of acquirement
  2035 | D:2      | Acquired 992 gold pieces
  2094 | D:2      | Bought the amulet "Vaffush" {Acrobat Regen+ Str+4} for 590
                  | gold pieces
  2201 | D:3      | Reached XP level 4. HP: 27/28 MP: 4/7
  2306 | D:3      | Reached XP level 5. HP: 34/34 MP: 0/9
  2696 | D:3      | Reached skill level 4 in Fire Magic
  2839 | D:3      | Reached skill level 1 in Summonings
  2839 | D:3      | Reached XP level 6. HP: 38/40 MP: 10/10
  2850 | D:3      | Found an iron altar of Okawaru.
  3365 | D:4      | Reached XP level 7. HP: 30/46 MP: 8/12
  3919 | D:5      | Entered Level 5 of the Dungeon
  4002 | D:5      | Noticed Menkaure
  4011 | D:5      | Killed Menkaure
  4012 | D:5      | Reached skill level 5 in Fire Magic
  4012 | D:5      | Reached XP level 8. HP: 54/54 MP: 5/14
  4017 | D:5      | Learned a level 4 spell: Flame Wave
  4484 | D:5      | Noticed Sigmund
  4636 | D:5      | Learned a level 4 spell: Summon Ice Beast
  4656 | D:6      | Found a staircase to the Ecumenical Temple.
  4665 | Temple   | Entered the Ecumenical Temple
  4916 | D:6      | Found a shadowy altar of Dithmenos.
  4935 | D:6      | Reached skill level 1 in Ice Magic
  5604 | D:6      | Found a burning altar of Makhleb.
  5605 | D:6      | Found a radiant altar of Vehumet.
  5622 | D:6      | Became a worshipper of Vehumet
  5871 | D:5      | Killed Sigmund
  5872 | D:5      | Reached skill level 5 in Conjurations
  5872 | D:5      | Reached XP level 9. HP: 55/60 MP: 5/16
  5879 | D:5      | Reached skill level 5 in Spellcasting
  6154 | D:7      | Noticed a two-headed ogre
  6177 | D:7      | Noticed a two-headed ogre
  6360 | D:7      | Found a bloodstained altar of Trog.
  6368 | D:7      | Reached skill level 5 in Fighting
  6368 | D:7      | Reached skill level 6 in Fire Magic
  6890 | D:7      | Reached * piety under Vehumet
  6890 | D:7      | Offered knowledge of Freeze by Vehumet.
  6969 | D:7      | Slain by a two-headed ogre

Illustrated notes

Levels and vault maps discovered:
D:1:      dpeg_arrival_circle_labyrinth_c, layout_basic,
          nicolae_ecumenical_snake_handling
D:2:      layout_loops_cross, serial_shops, shop
D:3:      layout_loops_cross, nicolae_overflow_crystal_walls
D:4:      layout_cave_pools, minmay_rat_hole
D:5:      layout_cave_pools, portal_sewer_entry_e, uniq_sigmund, uniq_menkaure
D:6:      layout_gridville, grunt_temple_overflow_lords_of_destruction,
          mainiacjoe_overflow_paths, temple_hall
D:7:      hangedman_cross_stitches, layout_loops_corners, trog_butcher_becter
Temple:   hellmonk_temple_of_storms

Skill      XL: |  1  2  3  4  5  6  7  8  9 |
---------------+----------------------------+-----
Stealth        | 3 |  3.3
Fighting       | 1 2 3 4 5 |  5.3
Conjurations   | 2 3 4 5 |  5.5
Spellcasting   | 3 4 5 |  5.4
Fire Magic     | 4 5 6 |  6.3
Summonings     | 1 2 3 4 |  4.0
Ice Magic      | 2 3 |  3.3
Dodging        | |  2.0

Action                   |  1- 3 |  4- 6 |  7- 9 || total
-------------------------+-------+-------+-------++-------
Melee: Unarmed           |    10 |       |       ||    10
       Dagger            |    45 |    10 |       ||    55
       Constrict         |    13 |    17 |    37 ||    67
       Tentacles         |     8 |     9 |    27 ||    44
       Halberd           |       |    61 |   137 ||   198
       Punch             |       |       |     1 ||     1
 Cast: Foxfire           |     5 |    26 |    99 ||   130
       Call Imp          |     4 |    11 |    25 ||    40
       Summon Ice Beast  |       |       |     3 ||     3
  Use: Scroll            |     4 |       |     8 ||    12
 Stab: Sleeping          |    12 |     5 |    14 ||    31
       Distracted        |       |     1 |       ||     1
Armor: Skin              |     5 |     2 |     8 ||    15
Dodge: Dodged            |    35 |    56 |    90 ||   181
